 Dungeon Crawl Stone Soup version 0.25-a0-521-gb5d5f98535 (webtiles) character file.

Game seed: 12295566879379040315, levelgen mode: deterministic

1178 DunjonMajik the Covert (level 8, -5/36 HPs)
             Began as a Spriggan Enchanter on Feb 18, 2020.
             Slain by Menkaure (22 damage)
             ... on level 7 of the Dungeon.
             The game lasted 00:16:58 (6834 turns).

DunjonMajik the Covert (Spriggan Enchanter)         Turns: 6834, Time: 00:16:59

Health: -5/36      AC:  2    Str:  2 (4)  XL:     8   Next: 18%
Magic:  3/13       EV: 18    Int: 19      God:
Gold:   258        SH:  0    Dex: 15 (16) Spells: 3/12 levels left

rFire    . . .     SeeInvis +   v - +2 dagger (chaos)
rCold    . . .     Gourm    .   (shield restricted)
rNeg     . . .     Faith    .   b - +0 robe
rPois    +         Spirit   .   (helmet restricted)
rElec    .         Reflect  .   (no cloak)
rCorr    .         Harm     .   (gloves unavailable)
MR       +....                  (boots unavailable)
Stlth    +++++.....             (no amulet)
HPRegen  0.12/turn              x - ring of poison resistance
MPRegen  0.13/turn              (no ring)

@: confusing touch, very quick
A: very small, unfitting armour, see invisible, herbivore, speed 3, slow
metabolism 2
a: no special abilities


You were on level 7 of the Dungeon.
You were hungry.

You visited 2 branches of the dungeon, and saw 8 of its levels.

You collected 258 gold pieces.

Inventory:

Hand Weapons
 a - a +1 dagger
 v - a +2 dagger of chaos (weapon)
Missiles
 c - 8 atropa-tipped darts (quivered)
 f - 13 poisoned darts
 n - 8 curare-tipped darts
Armour
 b - a +0 robe (worn)
Jewellery
 x - a ring of poison resistance (left hand)
Wands
 l - a wand of acid (16)
Scrolls
 e - 7 scrolls of remove curse {unknown}
 g - 5 scrolls of identify {unknown}
 i - a scroll of magic mapping {unknown}
 j - 2 scrolls of fog {unknown}
 o - a scroll of enchant weapon {unknown}
 q - a scroll of fear {unknown}
 r - a scroll of immolation {unknown}
 t - a scroll of teleportation {unknown}
 w - 2 scrolls of amnesia {unknown}
Potions
 h - a potion of resistance {unknown}
 m - a potion of haste {unknown}
 p - a potion of berserk rage {unknown}
 s - a potion of cancellation {unknown}
 u - 2 potions of lignification {unknown}
Comestibles
 d - 10 rations


   Skills:
 - Level 4.4 Short Blades
 - Level 3.0 Dodging
 + Level 12.1 Stealth
 - Level 2.6 Spellcasting
 - Level 6.7 Hexes


You had 3 spell levels left.
You knew the following spells:

 Your Spells              Type           Power        Failure   Level  Hunger
a - Corona                Hex            ####...      1%          1    None
b - Ensorcelled Hibernat  Hex/Ice        ###...       6%          2    ##.....
c - Confusing Touch       Hex            ####....     3%          3    ###....
d - Dazzling Flash        Conj/Hex       ###...       12%         3    ###....

Your spell library contained the following spells:

 Spells                   Type           Power        Failure   Level  Hunger
 Tukima's Dance           Hex            ####....     3%          3    ###....
 Summon Guardian Golem    Hex/Summ       ###.....     12%         3    ###....
 Summon Small Mammal      Summ           #...         16%         1    None
 Call Imp                 Summ           #.......     24%         2    ##.....
 Call Canine Familiar     Summ           #.......     43%         3    ###....
 Gell's Gravitas          Tloc           #.........   43%         3    ###....
 Metabolic Englaciation   Hex/Ice        ###.......   73%         5    ######.
 Yara's Violent Unravell  Hex/Tmut       ###.......   73%         5    ######.
 Petrify                  Tmut/Erth      #.......     83%         4    ####...
 Summon Ice Beast         Ice/Summ       #.......     83%         4    ####...
 Summon Lightning Spire   Summ/Air       #.......     83%         4    ####...


Dungeon Overview and Level Annotations

Branches:
Dungeon (7/15)             Temple (1/1) D:4

Altars:
Cheibriados
Dithmenos
Elyvilon
Gozag
Hepliaklqana
Kikubaaqudgha
Makhleb
Nemelex Xobeh
Okawaru
Qazlal
Ru
Trog
Vehumet
Wu Jian
Xom
Yredelemnul
Zin
The Shining One

Annotations:
D:7 Menkaure


Innate Abilities, Weirdness & Mutations

You are very small and have problems with some larger weapons.
You are too small for most types of armour.
You have supernaturally acute eyesight. (SInv)
You are a herbivore.
You cover ground extremely quickly.
You need to consume almost no food.


Message History

You can't see any susceptible monsters within range! (Use Z to cast anyway.) Unknown command.
Unknown command.
Casting: Ensorcelled Hibernation (safe; 6% risk of failure)
Confirm with . or Enter, or press ? or * to list all spells.
You can't see any susceptible monsters within range! (Use Z to cast anyway.) Unknown command.
Casting: Ensorcelled Hibernation (safe; 6% risk of failure)
Confirm with . or Enter, or press ? or * to list all spells.
Okay, then.
You feel better.
Okay, then.
Casting: Ensorcelled Hibernation (safe; 6% risk of failure)
Confirm with . or Enter, or press ? or * to list all spells.
Your hands begin to glow red.
Menkaure closely misses you.
You hit Menkaure but do no damage.
A giant cockroach comes into view.
Menkaure hits you!!
Ouch! That really hurt!
You die...

#.#.# #.#.# #.#.## ..
#....###..# #...?.....#
#....###..##
#############.#.........
......M.......s.<...5...
#@#........##..#..
#..........> .....
##......#..#. .###
#......#..#.. #
#.#...##..# .#
#.##)###... .. #.##<#
##.# ## #.##.# #.##.#


You could see Menkaure and a giant cockroach (wandering).

Vanquished Creatures
  4 ogres
  A bullfrog (D:6)
  2 scorpions
  8 crimson imps
  A hound (D:5)
  A jelly (D:5)
  2 bullfrog skeletons (D:5)
  Jessica (D:2)
  3 worker ants
  A howler monkey skeleton (D:6)
  6 adders
  2 shadow imps
  An adder skeleton (D:6)
  A worm (D:2)
  3 dart slugs
  5 leopard geckos
  2 orcs
  8 giant cockroaches
  6 goblins
  7 hobgoblins
  10 jackals
  12 kobolds
  12 bats
  9 frilled lizards
  A jackal skeleton (D:6)
  2 quokka skeletons
  4 rats
115 creatures vanquished.

Notes
Turn   | Place    | Note
-------+----------+-------------------------------------------
     0 | D:1      | DunjonMajik the Spriggan Enchanter began the quest for the
                  | Orb.
     0 | D:1      | Reached XP level 1. HP: 9/9 MP: 5/5
   278 | D:1      | Reached skill level 5 in Stealth
   396 | D:1      | Reached XP level 2. HP: 4/13 MP: 4/6
   881 | D:1      | Reached skill level 6 in Stealth
  1351 | D:1      | Reached XP level 3. HP: 16/16 MP: 8/8
  1876 | D:2      | Noticed Jessica
  1880 | D:2      | Killed Jessica
  1880 | D:2      | Reached skill level 7 in Stealth
  1880 | D:2      | Reached XP level 4. HP: 20/21 MP: 9/9
  2025 | D:2      | Learned a level 2 spell: Ensorcelled Hibernation
  2029 | D:2      | Learned a level 3 spell: Confusing Touch
  2199 | D:2      | Found a glowing golden altar of the Shining One.
  2634 | D:2      | Found a snail-covered altar of Cheibriados.
  3752 | D:4      | Reached XP level 5. HP: 19/24 MP: 10/10
  3819 | D:4      | Found a staircase to the Ecumenical Temple.
  3851 | Temple   | Entered the Ecumenical Temple
  4251 | D:4      | Found a shimmering altar of Xom.
  4605 | D:4      | Noticed an ogre
  4608 | D:4      | Killed an ogre
  4608 | D:4      | Reached skill level 8 in Stealth
  4608 | D:4      | Reached XP level 6. HP: 28/28 MP: 11/11
  5084 | D:4      | Learned a level 3 spell: Dazzling Flash
  5112 | D:5      | Entered Level 5 of the Dungeon
  5197 | D:5      | Reached skill level 5 in Hexes
  5288 | D:5      | Reached XP level 7. HP: 32/32 MP: 12/12
  6053 | D:6      | Reached skill level 9 in Stealth
  6475 | D:6      | Reached skill level 10 in Stealth
  6595 | D:6      | Reached skill level 11 in Stealth
  6595 | D:6      | Reached XP level 8. HP: 27/36 MP: 10/13
  6775 | D:7      | Noticed Menkaure
  6824 | D:7      | Reached skill level 12 in Stealth
  6834 | D:7      | Slain by Menkaure

Levels and vault maps discovered:
D:1:      minmay_arrival_radiant_lines, layout_basic
D:2:      layout_loops_cross, kennysheep_slug_shrine, overflow_temple_1_default,
          first_ration, uniq_jessica
D:3:      layout_loops_ring, kennysheep_generic_room_5
D:4:      layout_rooms, minmay_temple_entry_statues_pillars, led_xom_imps
D:5:      layout_loops_cross
D:6:      layout_cave_pools, hex_medium
D:7:      layout_loops_ring, tgw_sif, serial_shops, shop, uniq_duvessa,
          uniq_harold, uniq_menkaure
Temple:   regret_index_temple_sphere_string

Skill      XL: |  1  2  3  4  5  6  7  8 |
---------------+-------------------------+-----
Stealth        | 5 6 7 8 11 12 | 12.1
Short Blades   | 3 4 |  4.4
Hexes          | 5 6 |  6.7
Dodging        | |  3.0
Spellcasting   | |  2.6

Action                   |  1- 3 |  4- 6 |  7- 9 || total
-------------------------+-------+-------+-------++-------
Melee: Dagger            |   191 |   239 |   114 ||   544
 Cast: Corona            |     4 |     1 |       ||     5
       Ensorcelled Hiber |       |    35 |     9 ||    44
       Confusing Touch   |       |       |     1 ||     1
       Dazzling Flash    |       |       |     1 ||     1
  Use: Potion            |       |       |     3 ||     3
 Stab: Sleeping          |    12 |    30 |    12 ||    54
       Confused          |       |     1 |       ||     1
       Invisible         |       |       |     1 ||     1
  Eat: Ration            |       |     2 |     1 ||     3
Armor: Robe              |    28 |    30 |     6 ||    64
Dodge: Dodged            |   193 |   226 |    69 ||   488

Table legend:
 A = Non-vault XP
 B = Vault XP
 C = Vault XP percentage of total XP
 D = Non-vault monster count
 E = Vault monster count
 F = Vault count percentage of total count
                 A         B        C        D         E       F
            +---------+---------+-------+---------+---------+-------
      Total |    1447 |     236 |  14.0 |     106 |       9 |   7.8
            +---------+---------+-------+---------+---------+-------
        D:1 |      48 |       0 |   0.0 |      28 |       0 |   0.0
        D:2 |      42 |      41 |  49.4 |      16 |       2 |  11.1
        D:3 |      58 |       5 |   7.9 |      19 |       3 |  13.6
        D:4 |     207 |     144 |  41.0 |      14 |       3 |  17.6
        D:5 |     334 |      46 |  12.1 |      13 |       1 |   7.1
        D:6 |     516 |       0 |   0.0 |      13 |       0 |   0.0
        D:7 |     242 |       0 |   0.0 |       3 |       0 |   0.0
            +---------+---------+-------+---------+---------+-------
